 Dungeon Crawl Stone Soup version 0.16.1-11-g651b585 (webtiles) character file.

115 JustSomeDude the Ruffian (level 4, -4/44 HPs)
             Began as a Troll Monk on Mar 31, 2015.
             Slain by a hound (5 damage)
             ... on level 2 of the Dungeon.
             The game lasted 00:04:43 (1134 turns).

JustSomeDude the Ruffian (Troll Monk)               Turns: 1134, Time: 00:04:45

Health: -4/44      AC:  5    Str: 19    XL:     4   Next: 68%
Magic:  2/2        EV: 11    Int:  6    God:
Gold:   169        SH:  0    Dex: 13    Spells: 0 memorised, 3 levels left

rFire  . . .     SeeInvis .       - Unarmed
rCold  . . .     Clarity  .     a - +0 robe
rNeg   . . .     SustAb   .     (shield restricted)
rPois  .         Gourm    +     (helmet restricted)
rElec  .         Spirit   .     (no cloak)
rCorr  .         Warding  .     (gloves unavailable)
rMut   .         Stasis   .     (boots unavailable)
MR     .....                    (no amulet)
Stlth  ++........               (no ring)
                                (no ring)

@: not resistant to hostile enchantments, unstealthy
A: unfitting armour, claws 3, fast metabolism 3, gourmand, regeneration 2,
shaggy fur 1, tough skin 2
a: no special abilities


You were on level 2 of the Dungeon.
You were not hungry.

You visited 1 branch of the dungeon, and saw 3 of its levels.

You collected 169 gold pieces.

Inventory:

Armour
 a - a +0 robe (worn)
Magical staves
 q - an uncursed staff of poison {unknown}
Jewellery
 e - an uncursed ring of ice {unknown}
Scrolls
 c - a scroll of identify {unknown}
 h - a scroll of teleportation {unknown}
 j - 2 scrolls of immolation {unknown}
 l - a scroll of noise {unknown}
 m - a scroll of fear {unknown}
 o - a scroll of amnesia {unknown}
 r - a scroll of enchant armour {unknown}
Potions
 g - a potion of heal wounds {unknown}
 i - 2 potions of curing {unknown}
 n - 2 potions of cure mutation {unknown}
 p - a potion of restore abilities {unknown}
Comestibles
 b - a meat ration
 d - 3 fruits
 f - a beef jerky
 k - a bread ration


   Skills:
 + Level 2.9 Fighting
 + Level 3.3 Dodging
 + Level 1.2 Stealth
 + Level 4.8 Unarmed Combat


You had 3 spell levels left.
You didn't know any spells.

Dungeon Overview and Level Annotations

Branches:
Dungeon (3/15)

Altars:


Innate Abilities, Weirdness & Mutations

You are too large for most types of armour.
You have claws for hands.
Your metabolism is lightning-fast.
You like to eat raw meat.
You heal very quickly.
You are covered in fur (AC +1).
You have very tough skin (AC +2).


Message History

You scratch the adder but do no damage.
You feel sick. The hound bites you.
* * * LOW HITPOINT WARNING * * *
The adder bites you but does no damage.
You miss the adder. The hound bites you but does no damage.
The adder barely misses you. The hound barely misses you.
You barely miss the adder. Your claw misses the adder. The adder bites you.
* * * LOW HITPOINT WARNING * * *
The hound barely misses you.
You closely miss the adder. The adder closely misses you. The hound bites you.
* * * LOW HITPOINT WARNING * * *
The adder bites you.
* * * LOW HITPOINT WARNING * * *
You scratch the adder.
The adder begins to bleed from its wounds!
The adder is moderately wounded.
* * * LOW HITPOINT WARNING * * *
You feel sick.
You are no longer poisoned.
The hound bites you.
You die...

############ #..........#
#######.########.#
#............# #.#
#.#####.####.# #.#
#.###...####.# #.#
##............###.###
##..S#.#)..)..........
#....@h....##..###.###
#####...##...###........#
########............##.....#.#.#
#..............###...........#.#
#.######.###..####.###.....###.#
#.# #.###..###...###...## #.#
##.# #....<.....#(.....#####.#
...# #.###.####.......<.......
#### #.# #..# ##.#...#########


You could see a hound and an adder (bleeding).

Vanquished Creatures
  An iron imp (D:3)
  Natasha (D:3)
  Jessica (D:2)
  2 adders (D:2)
  A shadow imp (D:3)
  A worm (D:2)
  4 giant geckos
  An ooze (D:2)
  3 giant cockroaches
  6 hobgoblins
  A quokka (D:2)
  4 bats (D:1)
  A giant newt (D:2)
  5 goblins
  6 jackals (D:1)
  4 kobolds
  6 rats
48 creatures vanquished.

Notes
Turn   | Place    | Note
--------------------------------------------------------------
     0 | D:1      | JustSomeDude, the Troll Monk, began the quest for the Orb.
     0 | D:1      | Reached XP level 1. HP: 22/22 MP: 1/1
    92 | D:1      | Reached XP level 2. HP: 27/29 MP: 1/1
   369 | D:1      | Reached XP level 3. HP: 36/36 MP: 2/2
   417 | D:2      | Noticed Jessica
   422 | D:2      | Killed Jessica
   630 | D:2      | Reached XP level 4. HP: 44/44 MP: 2/2
  1088 | D:3      | Noticed Natasha
  1100 | D:3      | Killed Natasha
  1133 | D:2      | HP: 1/44 [adder (3)]
  1134 | D:2      | Slain by a hound

Action                   |  1- 3 |  4- 6 || total
-------------------------+-------+-------++-------
Melee: Unarmed           |    90 |    43 ||   133
 Stab: Sleeping          |     1 |       ||     1
  Eat: Chunk             |     4 |       ||     4
       Fruit             |     1 |       ||     1
       Meat ration       |       |     1 ||     1
